 Dungeon Crawl Stone Soup version 0.20.1-1-g8b1a95d (webtiles) character file.

84 equalderp2856 the Magician (level 4, -1/30 HPs)
             Began as a Mummy Ice Elementalist on Oct 23, 2017.
             Slain by an ooze (2 damage)
             ... on level 3 of the Dungeon.
             The game lasted 00:11:51 (3783 turns).

equalderp2856 the Magician (Mummy Ice Elementalist) Turns: 3783, Time: 00:11:52

Health: -1/30      AC:  2    Str: 11      XL:     4   Next: 23%
Magic:  5/9        EV: 12    Int: 13 (14) God:
Gold:   117        SH:  0    Dex: 13      Spells: 7/10 levels left

rFire    x . .     SeeInvis .   h - +3 hand axe
rCold    + . .     Gourm    .   (no shield)
rNeg     + + +     Faith    .   a - +0 robe
rPois    ∞         Spirit   .   (no helmet)
rElec    .         Reflect  .   (no cloak)
rCorr    .         Harm     .   (no gloves)
MR       .....                  (no boots)
Stlth    ++........             (no amulet)
Regen    0.1/turn               (no ring)
MPRegen  0.2/turn               (no ring)

@: no status effects
A: no food or potions, fire vulnerability, cold resistance 1, negative energy
resistance 3, torment resistance, unbreathing
a: no special abilities


You were on level 3 of the Dungeon.
You were not hungry.

You visited 1 branch of the dungeon, and saw 3 of its levels.

You collected 117 gold pieces.

Inventory:

Hand Weapons
 h - a +3 hand axe (weapon)
Armour
 a - a +0 robe (worn)
 f - a +0 plate armour
 k - a +2 pair of gloves
Jewellery
 i - a +3 ring of strength {unknown}
Scrolls
 c - 3 scrolls of remove curse {unknown}
 d - 2 scrolls of identify {unknown}
 e - a scroll of fear {unknown}
 g - a scroll of teleportation {unknown}
 j - a scroll of noise {unknown}
 l - a scroll of immolation {unknown}
Books
 b - a book of Frost

   Spells                             Type                      Level
   a - Freeze                         Ice                          1
   b - Throw Frost                    Conjuration/Ice              2
   c - Ozocubu's Armour               Charms/Ice                   3
   d - Throw Icicle                   Conjuration/Ice              4
   e - Summon Ice Beast               Ice/Summoning                4


   Skills:
 + Level 0.2 Fighting
 + Level 0.1 Axes
 + Level 0.2 Armour
 + Level 1.9 Dodging
 + Level 1.9 Stealth
 + Level 0.2 Unarmed Combat
 + Level 3.8 Spellcasting
 + Level 1.0 Conjurations
 + Level 3.1 Ice Magic


You had 7 spell levels left.
You knew the following spells:

 Your Spells              Type           Power        Failure   Level  Hunger
a - Freeze                Ice            ##..         6%          1    N/A
b - Throw Frost           Conj/Ice       #.....       14%         2    N/A

Dungeon Overview and Level Annotations

Branches:
Dungeon (3/15)

Altars:
Cheibriados
Dithmenos
Okawaru

Annotations:
D:2 Sigmund


Innate Abilities, Weirdness & Mutations

You do not eat or drink.
Your flesh is vulnerable to fire.
You are immune to poison.
Your flesh is cold resistant. (rC+)
You are immune to negative energy. (rN+++)
You are immune to unholy pain and torment.
You can survive without breathing.


Message History

You freeze the ooze.
The ooze is lightly wounded.
The ooze hits you.
* * * LOW HITPOINT WARNING * * *
The ball python completely misses you.
* * * LOW HITPOINT WARNING * * *
The ball python constricts you.
You escape the ball python's grasp.
You see here an adder corpse.
The ooze hits you.
* * * LOW HITPOINT WARNING * * *
Casting: Freeze
Confirm with . or Enter, or press ? or * to list all spells.
Aiming: Freeze
Press: ? - help, Shift-Dir - straight line, f/p - ooze
Aim: an ooze (lightly wounded)
You freeze the ooze.
The ooze is moderately wounded.
The ooze hits you.
You die...

#.......# #.....###
##.......#
#######........###########
#.............(†...)†(...##
........†.....##.#######..###
...........S.###....)........
.........†.J############..###
.........###@....... #.....
.........# #......$. ###...
.........###........ ####
.................... #
.........###........ #
.........# .........#
.........###.........
.......... #.........
......... #.........##


You could see an ooze and a ball python.

Vanquished Creatures
  2 adders (D:3)
  An ooze (D:1)
  A worm (D:2)
  8 bats
  3 giant cockroaches
  8 goblins
  6 hobgoblins
  11 kobolds
  3 quokkas
  4 frilled lizards (D:1)
  8 rats
55 creatures vanquished.

Notes
Turn   | Place    | Note
-------+----------+-------------------------------------------
     0 | D:1      | equalderp2856 the Mummy Ice Elementalist began the quest for the Orb.
     0 | D:1      | Reached XP level 1. HP: 13/13 MP: 4/4
   420 | D:1      | Reached XP level 2. HP: 19/19 MP: 3/5
   961 | D:1      | Learned a level 2 spell: Throw Frost
  2079 | D:2      | Reached XP level 3. HP: 24/24 MP: 2/7
  2105 | D:2      | Reached skill level 1 in Conjurations
  2421 | D:2      | Found a snail-covered altar of Cheibriados.
  2442 | D:2      | Found a shadowy altar of Dithmenos.
  2442 | D:2      | Found an iron altar of Okawaru.
  2591 | D:2      | Noticed Sigmund
  3569 | D:3      | Reached XP level 4. HP: 27/30 MP: 9/9
  3781 | D:3      | HP: 1/30 [ooze (5)]
  3783 | D:3      | Slain by an ooze

Skill      XL: |  1  2  3 |
---------------+----------+-----
Spellcasting   | 3 |  3.8
Conjurations   | 1 |  1.0
Ice Magic      | 3 |  3.1
Fighting       | |  0.2
Axes           | |  0.1
Armour         | |  0.2
Dodging        | |  1.9
Stealth        | |  1.9
Unarmed Combat | |  0.2

Action                   |  1- 3 |  4- 6 || total
-------------------------+-------+-------++-------
Melee: Unarmed           |    24 |       ||    24
       Hand axe          |    33 |    16 ||    49
 Cast: Freeze            |    52 |     5 ||    57
       Throw Frost       |     5 |       ||     5
Armor: Robe              |    15 |     9 ||    24
       Plate armour      |   138 |       ||   138
Dodge: Dodged            |    73 |    16 ||    89
